 Dungeon Crawl Stone Soup version 0.28-b1-25-g9875b3fc8c (webtiles) character file.

Game seed: 5162612806414039460

42 cayde69 the Skirmisher (level 3, -1/36 HPs)
             Began as a Minotaur Fighter on Feb 2, 2022.
             Was a Believer of Trog.
             Slain by Grinder (6 damage)
             ... while paralysed by Grinder
             ... on level 3 of the Dungeon.
             The game lasted 00:01:55 (1453 turns).

cayde69 the Skirmisher (Minotaur Fighter)           Turns: 1453, Time: 00:01:55

Health: -1/36      AC:  8    Str: 22    XL:     3   Next: 33%
Magic:  2/2        EV:  2    Int:  5    God:    Trog [**....]
Gold:   80         SH:  0    Dex:  9    Spells: 2/2 levels left

rFire   + . .      SeeInvis .   a - +0 long sword
rCold   . . .      Faith    .   c - +0 buckler
rNeg    . . .      Spirit   .   k - +1 ring mail {rF+}
rPois   .          Reflect  .   (helmet restricted)
rElec   .          Harm     .   e - +0 cloak
rCorr   .          Rampage  .   (no gloves)
Will    .....                   (no boots)
Stlth   ..........              (no amulet)
HPRegen 0.12/turn               (no ring)
MPRegen 0.08/turn               (no ring)

@: paralysed
A: horns 2, retaliatory headbutt
a: Renounce Religion, Berserk, Trog's Hand


You were on level 3 of the Dungeon.
You worshipped Trog.
Trog was pleased with you.
You visited 1 branch of the dungeon, and saw 3 of its levels.

You collected 80 gold pieces.

Inventory:

Hand Weapons
 a - a +0 long sword (weapon)
Armour
 b - a +0 scale mail
 c - a +0 buckler (worn)
 e - a +0 cloak (worn)
 k - a +1 ring mail of fire resistance (worn)
Scrolls
 f - a scroll of teleportation {unknown}
 g - 2 scrolls of noise {unknown}
 i - a scroll of enchant weapon {unknown}
 m - a scroll of brand weapon {unknown}
Potions
 d - a potion of might
 h - a potion of heal wounds {unknown}
 j - a potion of cancellation {unknown}
 l - 2 potions of curing {unknown}


   Skills:
 + Level 5.1 Fighting
 - Level 2.4 Long Blades
 - Level 3.7 Armour
 + Level 0.4 Dodging
 + Level 0.1 Stealth
 - Level 3.7 Shields


You had 2 spell levels left.
You didn't know any spells.
Your spell library contained the following spells:

 Spells                   Type           Power      Damage    Failure   Level
 Animate Skeleton         Necr           0%         N/A       73%         1
 Apportation              Tloc           0%         N/A       73%         1
 Shock                    Conj/Air       0%         1d3       73%         1
 Summon Small Mammal      Summ           0%         N/A       73%         1
 Swiftness                Air            0%         N/A       97%         3
 Airstrike                Air            0%         N/A       100%        4


Dungeon Overview and Level Annotations

Branches:
Dungeon (3/15)

Altars:
Trog

Annotations:
D:3 Grinder


Innate Abilities, Weirdness & Mutations

You have a pair of horns on your head.
You reflexively headbutt those who attack you in melee.


Message History

Found a robe.
No target in view!
No target in view!
No target in view!
No target in view!
You see here a +1 ring mail of fire resistance.
k - a +1 ring mail of fire resistance You start removing your armour.
You continue taking off your +0 scale mail. x4
You finish taking off your +0 scale mail.
You start putting on your armour.
You continue putting on your +1 ring mail of fire resistance. x5
You finish putting on your +1 ring mail of fire resistance.
You feel resistant to fire.
You see here a +0 hunting sling.
l - a red potion
m - a scroll labelled KILER ENUTI
l - 2 red potions (gained 1) Grinder comes into view.
Grinder shouts!
Grinder blinks!
Grinder is nearby!
Grinder is nearby!
You slash Grinder! You headbutt Grinder, but do no damage.
Grinder is lightly wounded.
Grinder gestures at you.
You suddenly lose the ability to move!
Grinder hits you.
You writhe in agony.
Grinder hits you but does no damage. Grinder hits you.
You writhe in agony.
Grinder gestures at you. Pain shoots through your body!
* * * LOW HITPOINT WARNING * * *
A goblin comes into view. It is wielding a +0 dagger.
The goblin shouts!
Grinder gestures at you. Pain shoots through your body!
* * * LOW HITPOINT WARNING * * *
Grinder hits you.
You die...

#######.......##
......#........#
#####.###......####
#####.............#
..........#.##.##.#
#####..####.##.##.#
.. #. #....###.###
#. ###.........
#@###..##.
#.....5.....#
######.###.## #.#
#g# ..# ###


You could see Grinder and a goblin.

Vanquished Creatures
  A dart slug (D:2)
  2 ball pythons (D:2)
  An endoplasm (D:3)
  12 giant cockroaches
  2 goblins
  4 hobgoblins (D:2)
  2 kobolds (D:2)
  A quokka (D:2)
  3 bats
  6 frilled lizards
34 creatures vanquished.

Vanquished Creatures (others)
  A plant (D:2)
1 creature vanquished.

Grand Total: 35 creatures vanquished

Notes
Turn   | Place    | Note
-------+----------+-------------------------------------------
     0 | D:1      | cayde69 the Minotaur Fighter began the quest for the Orb.
     0 | D:1      | Reached XP level 1. HP: 19/19 MP: 0/0
   695 | D:2      | Reached skill level 4 in Fighting
   716 | D:2      | Reached XP level 2. HP: 24/27 MP: 1/1
   833 | D:2      | Found a faded altar of an unknown god.
   843 | D:2      | Prayed at the altar of an unknown god.
   843 | D:2      | Became a worshipper of Trog the Wrathful
   843 | D:2      | Reached * piety under Trog
  1193 | D:2      | Reached XP level 3. HP: 35/35 MP: 2/2
  1197 | D:2      | Reached skill level 5 in Fighting
  1204 | D:2      | Reached ** piety under Trog
  1444 | D:3      | Noticed Grinder
  1447 | D:3      | Paralysed by Grinder for 7 turns
  1453 | D:3      | Slain by Grinder

Illustrated notes

Levels and vault maps discovered:
D:1:      co_arrival_two_rings, layout_basic, chequers_arboretum,
          nicolae_concentric_dashed_squares_wild
D:2:      minmay_roachtagon, layout_basic,
          shapermc_ecumenical_altar_mp_urbaneastern
D:3:      layout_loops_ring, serial_bayou_pond_e, uniq_terence, uniq_grinder

Skill      XL: |  1  2  3 |
---------------+----------+-----
Fighting       | 4 5 |  5.1
Long Blades    | |  2.4
Armour         | |  3.7
Dodging        | |  0.4
Stealth        | |  0.1
Shields        | |  3.7

Action                   || total
-------------------------++-------
Melee: Long sword        ||    63
       Headbutt          ||     6
Invok: Berserk           ||     1
Armor: Scale mail        ||    36
       Ring mail         ||     1
Dodge: Dodged            ||    31
Block: Buckler           ||    16
